nht, neutral male human Tourist --- --..--- |.....-- -- |......| --. -.....| |.... |.....| |...... -------..---------- |..........G..>.%.@.....).hGG| |.......... ----.---------....| --.. ...... |...| ------ | -....--- --..... |....... |.--.....- -- --.... --... -.- -- nht the Sightseer Experience level: 3 Strength: 11 Dexterity: 14 Constitution: 12 Intelligence: 15 Wisdom: 9 Charisma: 16 Health: 0(18) Energy: 11(11) Def: 1 Gold: 222 Moves: 609 Dungeon seed: rYs4C4HMywlAt-iT Game ID: nht_1516614778 Your Inventory: Coins $ - 222 gold pieces Weapons a - 25 uncursed +2 darts (in quiver) y - 10 uncursed +0 darts H - 41 blessed +2 darts O - 7 uncursed +0 ya P - a blessed +0 dart Armor z - an uncursed +0 cloak of displacement (being worn) Q - an uncursed +0 Hawaiian shirt (being worn) Comestibles b - 2 uncursed slime molds c - an uncursed cram ration f - 4 uncursed food rations g - an uncursed cream pie h - an uncursed clove of garlic i - an uncursed egg j - an uncursed tripe ration s - an uncursed lembas wafer Scrolls l - 2 uncursed scrolls of magic mapping u - an uncursed scroll of enchant armor A - a blessed scroll of remove curse B - an uncursed scroll of light G - a blessed scroll of enchant weapon I - a cursed scroll of identify J - 4 uncursed scrolls of identify K - an uncursed scroll of teleportation Potions k - 2 uncursed potions of extra healing E - an uncursed potion of see invisible F - a blessed potion of extra healing Rings w - a cursed ring of fire immunity Tools e - an uncursed +0 pick-axe n - an uncursed expensive camera (0:58) o - an uncursed leash p - an uncursed magic marker (0:0) q - an uncursed tin opener (weapon in hand) r - an uncursed towel v - an uncursed credit card Gems L - an uncursed worthless piece of orange glass M - 2 uncursed worthless pieces of violet glass N - an uncursed worthless piece of green glass Y - an uncursed worthless piece of yellow glass Spells and supernatural/magical abilities: Name Level Category Fail Memory W - pray for help -- divine ? -- Your skills at the end: Fighting Skills wands [Basic] Weapon Skills dart [Basic] Spellcasting Skills Final Attributes: You were displaced. You are dead. Vanquished creatures: a dwarf 7 gnomes a gecko 5 jackals 2 grid bugs 3 lichens 3 newts 22 creatures vanquished. Voluntary challenges: You never hit with a wielded weapon. You read items or engraved 3 times, starting on turn 1. You never genocided any monsters. You never polymorphed an object. You never changed form. You used no wishes. You never split a pudding. You never wrote Elbereth's name. You never violated your personal moral code. Dungeon overview: The Dungeons of Doom: levels 1 to 4 Level 1 a fountain a long staircase Level 2 (junk) a general store, a fountain, a vault stairs to The Gnomish Mines Level 3 (scrolls) a scroll shop, an altar to The Lady, a fountain, a vault Level 4 a fountain The Gnomish Mines: Level 3 <- You were here stairs to The Dungeons of Doom History has recorded: On T:1 you entered the Dungeons of Doom to retrieve the Amulet of Yendor! On T:66 you reached level 2 of The Dungeons of Doom. On T:130 you reached level 3 of The Dungeons of Doom. On T:239 you reached level 4 of The Dungeons of Doom. On T:538 you reached level 1 of The Gnomish Mines. On T:551 you advanced to experience level 2. On T:573 you advanced to experience level 3. Score breakdown: Gold: 0 ( 0 points) Experience: 3 levels ( 7878 points) Exploration: 4 levels ( 7.55%) ( 7205 points) Discoveries: 15 items ( 4.97%) ( 6685 points) Valuables value: (no points given unless you survive) Artifact value: 0 ( 0 points) Variety of kills: 7 monsters ( 1.84%) ( 4071 points) Turncount: 609 turns ( 0 points) Survival: died (score multiplied by 80%) Total score: 20671 Latest messages: You don't have that object. Never mind. Swapping: e - a pick-axe. Q - an uncursed +0 Hawaiian shirt (being worn). You kill the gnome! The gnome zaps a forked wand! The sleep ray hits you! The gnome throws a dart! You are almost hit by a dart. The dwarf throws a dagger! The dagger hits the gnome. The gnome is killed! The dwarf zaps an iridium wand! The magic missile hits you! The gnome lady throws a dart! You are almost hit by a dart. The gnome lady throws a dart! You are hit by a dart. The dwarf zaps a wand of magic missile! The magic missile hits you! You die... Final status: Aloha nht the Tourist, killed by a magic missile, while sleeping... You died in The Gnomish Mines on dungeon level 3 with 20671 points, and 222 pieces of gold, after 609 moves. You were level 3 with a maximum of 18 hit points when you died.